 Dungeon Crawl Stone Soup version 0.21.1-1-g345015f (webtiles) character file.

1108 Fang the Chopper (level 8, -5/51 HPs)
             Began as a Gargoyle Berserker on June 13, 2018.
             Was a Priest of Trog.
             Slain by a mummy (11 damage)
             ... in an ossuary.
             The game lasted 00:04:57 (6756 turns).

Fang the Chopper (Gargoyle Berserker)               Turns: 6756, Time: 00:04:58

Health: -5/51      AC:  7    Str: 23    XL:     8   Next: 33%
Magic:  8/8        EV: 13    Int: 13    God:    Trog [***...]
Gold:   343        SH:  0    Dex:  9    Spells: 7/7 levels left

rFire    . . .     SeeInvis .   e - +0 hand axe (freeze)
rCold    . . .     Gourm    .   (no shield)
rNeg     + . .     Faith    .   b - +0 animal skin
rPois    ∞         Spirit   .   (no helmet)
rElec    +         Reflect  .   (no cloak)
rCorr    .         Harm     .   (no gloves)
MR       .....                  (no boots)
Stlth    ++........             (no amulet)
HPRegen  0.17/turn              (no ring)
MPRegen  0.11/turn              (no ring)

@: brilliant, berserk cooldown, flying, slowed, very slow
A: negative energy resistance 1, electricity resistance, unbreathing,
petrification resistance, rot immunity, AC +5
a: Berserk, Trog's Hand, Burn Spellbooks, Renounce Religion


You were in an ossuary.
You worshipped Trog.
Trog was most pleased with you.
You were not hungry.

You visited 1 branch of the dungeon, and saw 6 of its levels.
You also visited: Ossuary.

You collected 343 gold pieces.

Inventory:

Hand Weapons
 a - a +0 hand axe
 e - a +0 hand axe of freezing (weapon)
Missiles
 q - 5 tomahawks of returning (quivered)
Armour
 b - a +0 animal skin (worn)
Jewellery
 m - an uncursed ring of fire {unknown}
 x - a +5 ring of protection {unknown}
Wands
 u - a wand of enslavement (17)
Scrolls
 d - 2 scrolls of fear {unknown}
 g - 3 scrolls of remove curse {unknown}
 h - 2 scrolls of teleportation {unknown}
 i - 5 scrolls of identify {unknown}
 j - 2 scrolls of blinking {unknown}
 l - 2 scrolls of fog {unknown}
 p - 4 scrolls of amnesia {unknown}
 r - a scroll of enchant weapon {unknown}
Potions
 f - 2 potions of brilliance
 k - a potion of flight
 o - 3 potions of curing {unknown}
 s - 2 potions of mutation {unknown}
 t - a potion of might {unknown}
 v - 2 potions of lignification {unknown}
Books
 w - a book of Geomancy

   Spells                             Type                      Level
   a - Sandblast                      Earth                        1
   b - Passwall                       Transmutation/Earth          2
   c - Stone Arrow                    Conjuration/Earth            3
   d - Petrify                        Transmutation/Earth          4
   e - Lee's Rapid Deconstruction     Earth                        5
   Trog disapproves of the use of such an item.
Comestibles
 c - 2 rations


   Skills:
 + Level 5.7 Fighting
 + Level 6.8 Axes
 + Level 2.3 Armour
 + Level 3.6 Dodging
 + Level 3.2 Stealth


You had 7 spell levels left.
You didn't know any spells.

Dungeon Overview and Level Annotations

Branches:
Dungeon (6/15)
 Temple: D:4-7

Altars:
Dithmenos
Fedhas
Okawaru
Qazlal
Sif Muna
Trog
Vehumet
Wu Jian

Shops:
D:6 ?


Innate Abilities, Weirdness & Mutations

You are resistant to torment.
Your stone body is resilient. (AC +5)
You are immune to poison.
You resist negative energy. (rN+)
You are resistant to electric shocks. (rElec)
You can survive without breathing.
You are immune to petrification.
You are immune to rotting.


Message History

It was a potion of flight.
You feel very buoyant.
You fly up into the air.
The kobold zombie completely misses you.
The mummy barely misses you. The mummy misses you.
It was a potion of heal wounds.
You feel much better. The kobold zombie closely misses you.
You are too injured to fight recklessly!
Unknown command.
You are too injured to fight recklessly!
Unknown command.
You are too injured to fight recklessly!
You hit the kobold zombie.
The kobold zombie is lightly damaged.
You barely miss the mummy. You hit the mummy.
The kobold zombie hits you but does no damage.
The mummy hits you!
* * * LOW HITPOINT WARNING * * *
The mummy hits you!
You die...

.... ##..## ...
....##....##...
...............
...............
.............
#........#
#..MM..# #.@Z.#
#....# #....#
#....# #....#
#....# #....#
#....# #.∩∩.#


You could see 2 mummies and a kobold zombie.

Vanquished Creatures
  An ice beast (D:5)
  2 sky beasts (D:5)
  An ogre (D:5)
  2 phantoms (D:5)
  2 crimson imps (D:5)
  An orc priest (D:4)
  A hound (D:5)
  An iguana (D:5)
  Terence (D:3)
  3 orc wizards
  5 worker ants
  A big kobold zombie (Ossuary)
  2 mummies (Ossuary)
  A worker ant zombie (D:5)
  6 adders
  A shadow imp (D:5)
  An ooze (D:2)
  3 worms
  A dart slug (D:4)
  2 leopard geckos (D:2)
  9 orcs
  A ball python (D:2)
  7 bats
  3 giant cockroaches
  6 goblins
  9 hobgoblins
  6 jackals
  4 quokkas
  A ball python skeleton (D:4)
  6 frilled lizards
  A gnoll zombie (Ossuary)
  6 kobolds
  2 kobold zombies (Ossuary)
  A leopard gecko zombie (D:5)
  3 orc zombies (Ossuary)
  A quokka zombie (D:5)
  6 rats
110 creatures vanquished.

Notes
Turn   | Place    | Note
-------+----------+-------------------------------------------
     0 | D:1      | Fang the Gargoyle Berserker began the quest for the Orb.
     0 | D:1      | Reached XP level 1. HP: 14/14 MP: 1/1
   276 | D:1      | Reached XP level 2. HP: 19/19 MP: 2/2
   429 | D:1      | Reached skill level 3 in Axes
   806 | D:1      | Reached XP level 3. HP: 24/24 MP: 3/3
  1472 | D:2      | Reached ** piety under Trog
  1575 | D:2      | Reached XP level 4. HP: 29/29 MP: 4/4
  2332 | D:3      | Noticed Terence
  2342 | D:3      | Killed Terence
  2342 | D:3      | Reached skill level 4 in Axes
  2342 | D:3      | Reached skill level 1 in Stealth
  2342 | D:3      | Reached XP level 5. HP: 27/34 MP: 5/5
  2601 | D:3      | Found an iron altar of Okawaru.
  3542 | D:4      | Found a bloodstained altar of Trog.
  3544 | D:4      | Found a radiant altar of Vehumet.
  3553 | D:4      | Found an ornate altar of the Wu Jian Council.
  3553 | D:4      | Found a stormy altar of Qazlal.
  3556 | D:4      | Found a deep blue altar of Sif Muna.
  3680 | D:4      | Found a blossoming altar of Fedhas.
  3699 | D:4      | Reached XP level 6. HP: 25/39 MP: 6/6
  4575 | D:5      | Entered Level 5 of the Dungeon
  4575 | D:5      | Noticed a sky beast
  4589 | D:5      | Killed a sky beast
  4589 | D:5      | Reached skill level 5 in Axes
  4691 | D:5      | Reached XP level 7. HP: 8/44 MP: 7/7
  4922 | D:5      | Reached skill level 5 in Fighting
  5278 | D:5      | Reached *** piety under Trog
  5589 | D:5      | Found a shadowy altar of Dithmenos.
  5615 | D:5      | Reached skill level 6 in Axes
  5747 | D:5      | Reached XP level 8. HP: 49/50 MP: 8/8
  6563 | D:6      | Found Yguisek's Magic Scroll Shop.
  6683 | D:6      | Found a sand-covered staircase.
  6716 | Ossuary  | Entered an ossuary
  6741 | Ossuary  | HP: 2/51 [gnoll zombie (5)]
  6756 | Ossuary  | Slain by a mummy

Skill      XL: |  1  2  3  4  5  6  7 |
---------------+----------------------+-----
Axes           | 3 4 5 6 |  6.8
Fighting       | 4 5 |  5.7
Dodging        | 2 3 |  3.6
Stealth        | 1 2 3 |  3.2
Armour         | |  2.3

Action                   |  1- 3 |  4- 6 |  7- 9 || total
-------------------------+-------+-------+-------++-------
Melee: Hand axe          |   100 |   218 |   155 ||   473
Invok: Berserk           |     1 |     5 |     2 ||     8
  Use: Potion            |       |       |     3 ||     3
 Stab: Sleeping          |       |     4 |       ||     4
  Eat: Chunk             |     2 |     5 |     3 ||    10
       Ration            |       |     3 |     2 ||     5
Armor: Animal skin       |    31 |    71 |    51 ||   153
Dodge: Dodged            |    73 |   120 |    92 ||   285
